← All builds
Tech / Armada / Economy first / OBSERVED BUILD

Standard tech

Armada Tech (Eco) build order · Supreme Isthmus

Rushes T2 by 4:15, gets Advanced Metal Extractor around 5:28, hands off T2 constructors to Geo and the team, then scales eco and supplies the team's T2 needs through the rest of the game.

Usually first T2 con to Geo (83%)

#eco #t2 #team support · 1579 distinct matches · 255 players · 58% of Armada Tech games · team won 53% of 1874 · Recently observed

HOW TO PLAY IT

Key timing: T2 factory by 4:15

  1. Open 3 mex and heavy wind to fund a fast T2 rush.
  2. Put down Bot Lab, planning to eat it for reclaim soon after.
  3. Get Advanced Bot Lab up, hitting the T2 factory rush timing.
  4. Upgrade mex to Advanced Metal Extractor to lock in team metal income.
  5. Eat Advanced Bot Lab and keep sending cons to Geo and Pond.

Phase by phase

TYPICAL OF ITS 1579 GAMES
  1. 1
  2. 2
  3. 3
  4. 4
PLAY THE OPENING

Follow the example game's first 6:00 step by step: what to build now, what comes next, and where it goes. At 1× it keeps pace with your own game.

  1. 1

    Up to the Bot Lab

    Economy
    • Metal Extractor3Mex
    • Wind Turbine4Wind
    Order
    1. Bot LabBot Lab after 3 mex, 4 winddone ~1:18, middle half 1:13–1:32

    Some games also: energy storage (31%)

    By 1:01 in all: 3 mex · 4 wind

    The example game in this phase · 3 steps
    1. Mex ×3
    2. Wind ×3
    3. Bot LabBot Labdone 1:09 · typical 1:18
  2. 2

    Bot Lab to Advanced Bot Lab

    Economy
    • Metal Extractor1Mex
    • Wind Turbine8Wind
    • Energy Storage1Energy storage
    Order
    1. Advanced Bot LabAdvanced Bot Lab after 4 mex, 12 wind, 3 con turretdone ~4:16, middle half 4:04–4:30
    Builders
    • Construction Turret3 Con turret
    • Lazarus3 Lazarus
    • Construction Bot2 Con bot
    • Construction Bot1 Con bot for allies

    Some games also: converter (36%)

    By 3:18 in all: 4 mex · 12 wind · 1 energy storage · 3 con turret

    The example game in this phase · 10 steps
    1. Wind
    2. LazarusLazarus ×3
    3. Construction BotCon bot ×3
    4. Con turret
    5. Wind ×3
    6. Mex
    7. Wind
    8. Energy storage
    9. Con turret
    10. Advanced Bot LabAdvanced Bot Labdone 3:52 · typical 4:16
  3. 3

    Advanced Bot Lab to 5:00

    Economy
    • Wind Turbine3Wind
    Order
    1. Bot LabEat Bot Lab
    Builders
    • Advanced Construction Bot1 T2 con bot for allies

    Some games also: converter (35%)

    By 5:00 in all: 4 mex · 15 wind · 1 converter · 1 energy storage · 3 con turret

    The example game in this phase · 4 steps
    1. Bot LabEat Bot Labreclaimed for its metal
    2. Advanced Construction BotT2 con botfor Geo
    3. FatboyFatboyfor Ponddone 5:20
    4. Advanced Metal ExtractorT2 mexdone 5:09 · typical 5:29
  4. 4

    5:00 to 10:00

    Economy
    • Wind Turbine43Wind
    • Energy Converter6Converter
    Builders
    • Butler9 Butler
    • Advanced Construction Bot4 T2 con bot for allies
    • Advanced Construction Bot1 T2 con bot

    Some games also: con turret (43%) · Butler for allies (36%)

    By 10:00 in all: 4 mex · 58 wind · 8 converter · 1 energy storage · 3 con turret

    The example game in this phase · 156 steps
    1. Advanced Construction BotT2 con botfor Air
    2. Advanced Metal ExtractorT2 mex ×2
    3. Advanced Construction BotT2 con botfor Pond
    4. Wind ×3
    5. ButlerButler
    6. Wind
    7. Advanced Metal ExtractorT2 mex
    8. Wind ×2
    9. ButlerButler
    10. Wind
    11. ButlerButler
    12. Wind
    13. Advanced Construction BotT2 con botfor Beach sea
    14. Wind ×10
    15. ButlerButler
    16. Wind ×4
    17. ButlerButler
    18. Wind ×2
    19. ButlerButler
    20. Wind ×2
    21. Advanced Construction BotT2 con botfor Geo sea
    22. Wind ×5
    23. Converter
    24. Wind ×2
    25. Converter
    26. HoundHoundfor Geo
    27. Wind
    28. Converter
    29. Wind
    30. HoundHoundfor Geo
    31. Wind
    32. Converter
    33. Wind ×2
    34. HoundHoundfor Geo
    35. Wind ×5
    36. HoundHoundfor Geo
    37. Wind ×4
    38. HoundHoundfor Geo
    39. Wind ×4
    40. HoundHoundfor Geo
    41. Wind ×5
    42. HoundHoundfor Geo
    43. Wind ×6
    44. HoundHoundfor Geo
    45. Wind ×6
    46. HoundHoundfor Pond
    47. Wind ×4
    48. HoundHoundfor Pond
    49. Wind ×4
    50. HoundHoundfor Pond
    51. Wind ×5
    52. HoundHoundfor Pond
    53. Wind ×5
    54. HoundHoundfor Pond
    55. Wind ×3
    56. HoundHoundfor Pond
    57. Wind ×4
    58. HoundHound
    59. Wind ×5
    60. HoundHound
    61. Wind ×6
    62. UmbrellaAnti-nukedone 12:27
    63. Wind ×22
    64. ButlerButler
    65. Wind ×2
    66. ButlerButler
    67. Wind ×2
    68. Con turret
    69. Wind ×2
    70. ButlerButler
    71. Wind ×2
    72. ButlerButler
    73. Wind ×2
    74. Converter
    75. Wind ×2
    76. Con turret
    77. ButlerButler
    78. Wind ×3
    79. Converter
    80. Wind
    81. ButlerButler
    82. Wind ×2
    83. Con turret
    84. Converter
    85. Wind ×3
    86. Converter
    87. Wind ×2
    88. ButlerButler
    89. Converter
    90. Wind ×2
    91. ButlerButler
    92. Wind
    93. Converter ×2
    94. Wind
    95. ButlerButler
    96. Wind
    97. Converter
    98. Wind
    99. ButlerButler
    100. Converter
    101. Wind ×2
    102. Converter
    103. ButlerButler
    104. Wind ×2
    105. Converter ×2
    106. ButlerButler
    107. Wind ×3
    108. Converter
    109. Wind
    110. ButlerButler
    111. Wind ×2
    112. Converter ×2
    113. Wind ×3
    114. Advanced Construction BotT2 con bot
    115. Converter ×2
    116. Wind ×6
    117. Converter ×2
    118. Wind ×3
    119. Fusion ReactorFusionnot finished by 15:00
    120. Wind ×2
    121. Converter ×2
    122. Wind ×4
    123. Converter ×2
    124. Wind ×2
    125. Converter
    126. T2 converter
    127. Wind
    128. Converter
    129. Wind ×2
    130. Con turret
    131. Wind
    132. Converter
    133. Wind
    134. Converter ×2
    135. Wind ×3
    136. Converter
    137. Wind
    138. Converter
    139. Con turret
    140. Wind
    141. Converter
    142. Wind ×2
    143. Converter
    144. Wind ×3
    145. Converter ×2
    146. Wind
    147. Converter
    148. Wind ×3
    149. Converter
    150. Wind ×2
    151. Converter ×2
    152. Wind ×3
    153. Converter
    154. Wind ×3
    155. Converter ×2
    156. Wind ×3

Counts are medians over the build's games: half of them build more, half fewer. The example game is DonGarillo's (33 OS, 05/10/2026); pick another.

Team trades

IN AT LEAST 30% OF ITS GAMES

You hand over

  • Construction Bot1 Con bot to Airfirst at 2:23 · in 84% of games
  • Advanced Construction Bot5 T2 con bot to Air or Geo sea or Pondfirst at 4:50 · in 99% of games
  • Butler2 Butler to Geo sea or Beach sea or Pondfirst at 9:07 · in 42% of games

You get

  • Hercules1 Light transport from Airfirst at 4:01 · in 86% of games

How it plays out

Typical game of this build, running totals by minute

Metal produced

020k40k
0:005:0010:0015:00

metal

Enemy metal destroyed

050100
0:005:0010:0015:00

metal

Own metal lost

050100150
0:005:0010:0015:00

metal

1874 games.

Show as table
ByMetal produced: This buildEnemy metal destroyed: This buildOwn metal lost: This build
1:0038300
2:0091500
3:00165100
4:00314400
5:00484700
6:00580000
7:00722700
8:00906100
9:001117300
10:001350300
11:001624200
12:001965600
13:002344500
14:0027362073
15:003154285130
WHAT THE NUMBERS SAY

Standard Tech play barely fights at all early, instead pouring metal into T2 infrastructure and constructors for the team.

  • + Metal produced hits 31679 by 15:00, by far the highest of any role here.
  • + T2 factory reached in 97% of games by 4:15, fastest and most reliable T2 timing.
  • − Enemy metal destroyed stays at 0 through 10:00, no early offense at all.
  • − Own metal lost also near 0, showing total avoidance of combat risk.
THE EXAMPLE YOU ARE READING

DonGarillo

33.4 OS · 05/10/2026

Open source match ↗

1 received units
2548 metal received · 85687 energy received

Allied construction assistance is unknown. Timings are observations, not a promise of solo reproducibility.

Typical milestones

Bot Lab1:18Middle 50%: 1:13–1:32 · n=1874
Advanced Bot Lab4:16Middle 50%: 4:04–4:30 · n=1867
Advanced Metal Extractor5:29Middle 50%: 5:05–5:59 · n=1870

Played most by

Amrissa93games of this buildTheGeneraI66games of this buildAdeus57games of this buildEl_Turco56games of this buildKOT_43games of this build